 Dungeon Crawl Stone Soup version 0.28.0-43-g3370ac3207 (webtiles) character file.

Game seed: 2033654499455631566

9 diana the Twirler (level 2, 18/22 HPs)
             Began as a Demonspawn Gladiator on Mar 20, 2022.
             Quit the game on level 1 of the Dungeon.
             The game lasted 00:01:13 (637 turns).

diana the Twirler (Demonspawn Gladiator)             Turns: 637, Time: 00:01:13

Health: 18/22      AC:  4    Str: 14    XL:     2   Next: 3%
Magic:  2/2        EV: 12    Int:  9    God:
Gold:   23         SH:  0    Dex: 14    Spells: 1/1 levels left

rFire   . . .      SeeInvis .   a - +0 quarterstaff
rCold   . . .      Faith    .   (shield currently unavailable)
rNeg    . . .      Spirit   .   b - +0 leather armour
rPois   .          Reflect  .   c - +0 helmet
rElec   .          Harm     .   (no cloak)
rCorr   .          Rampage  .   (no gloves)
Will    .....                   (no boots)
Stlth   +.........              (no amulet)
HPRegen 0.07/turn               (no ring)
MPRegen 0.08/turn               (no ring)

@: no status effects
A: demonic magic 1
a: no special abilities


You were on level 1 of the Dungeon.
You visited 1 branch of the dungeon, and saw 1 of its levels.

You collected 23 gold pieces.

Inventory:

Hand Weapons
 a - a +0 quarterstaff (weapon)
Missiles
 d - 3 throwing nets (quivered)
Armour
 b - a +0 leather armour (worn)
 c - a +0 helmet (worn)
Scrolls
 f - a scroll of identify {unknown}
Potions
 e - a potion of might {unknown}


   Skills:
 + Level 2.2 Fighting
 + Level 2.9 Staves
 - Level 1.7 Throwing
 + Level 0.6 Armour
 - Level 2.6 Dodging


You had one spell level left.
You didn't know any spells.
Your spell library was empty.

Dungeon Overview and Level Annotations

Branches:
Dungeon (1/15)

Altars:


Innate Abilities, Weirdness & Mutations

Spells you cast may paralyse adjacent enemies.


Message History

You see here a frilled lizard corpse.
You see here 27 stones.
A kobold and a goblin come into view.
The kobold shouts!
You miss the kobold.
A ball python comes into view.
The kobold hits you but does no damage.
There are monsters nearby!
There are monsters nearby!
The ball python hisses angrily.
You sock the kobold!
You kill the kobold!
There are monsters nearby!
You hit the goblin but do no damage.
A rat comes into view.
The goblin hits you but does no damage.
There are monsters nearby!
You hit the goblin.
You kill the goblin!
The ball python barely misses you. The ball python grabs you.
The ball python constricts you. The ball python barely misses you.
The ball python constricts you.
You barely miss the ball python.
The ball python bites you but does no damage.
The ball python constricts you.
You hit the ball python.
The ball python is severely wounded.
The ball python barely misses you. The ball python constricts you.
The ball python bites you but does no damage.
The ball python constricts you.
You hit the ball python.
You kill the ball python!
You have reached level 2!
Your demonic ancestry asserts itself...
A menacing aura infuses your magic.
You hit the rat.
You kill the rat!
Items here: ( )) †.
Okay, then.
Are you sure you want to abandon this character and quit the game? (Confirm with "yes".)

########..
.............
#.............
....♣♣♣♣♣♣♣♣♣.
#..♣..PP..PP♣.
#..♣...P..PP♣.
#..♣P...PP..♣.
#.######†.♣PP...P..♣.
#...@.)...♣..P.<.PP♣.
########..♣..PP...P♣.
..........♣PP..P...♣.
########..♣PP..PP..♣.
#..♣♣♣♣♣♣♣♣♣..
#.............
#.............
.....###########.
###### #.


There were no monsters in sight!

Vanquished Creatures
  2 ball pythons (D:1)
  2 goblins (D:1)
  A hobgoblin (D:1)
  A kobold (D:1)
  A frilled lizard (D:1)
  A rat (D:1)
8 creatures vanquished.

Notes
Turn   | Place    | Note
-------+----------+-------------------------------------------
     0 | D:1      | diana the Demonspawn Gladiator began the quest for the Orb.
     0 | D:1      | Reached XP level 1. HP: 16/16 MP: 1/1
   633 | D:1      | Gained mutation: Spells you cast may paralyse adjacent
                  | enemies. [demonic ancestry]
   633 | D:1      | Reached XP level 2. HP: 17/22 MP: 2/2
   637 | D:1      | Quit the game

Illustrated notes

Levels and vault maps discovered:
D:1:      scummos_arrival_checkerplants, layout_basic,
          ebering_ecumenical_altar_webs, amethyst_killhole

Action                   || total
-------------------------++-------
Melee: Quarterstaff      ||    34
Armor: Leather armour    ||    13
Dodge: Dodged            ||    17
